 Dungeon Crawl Stone Soup version 0.18.1-48-g4cf74bf (webtiles) character file.

88 Alarkh the Bolt Thrower (level 4, -3/33 HPs)
             Began as a Mummy Hunter on Sept 10, 2016.
             Killed by divine providence
             ... invoked by an orc priest
              (12 damage)
             ... on level 3 of the Dungeon.
             The game lasted 00:02:02 (1994 turns).

Alarkh the Bolt Thrower (Mummy Hunter)              Turns: 1994, Time: 00:02:03

Health: -3/33      AC:  7    Str: 15    XL:     4   Next: 30%
Magic:  4/4        EV: 11    Int: 11    God:
Gold:   106        SH:  0    Dex: 12    Spells: 0 memorised, 3 levels left

rFire  . . .     SeeInvis .     b - +1 dagger (venom)
rCold  + . .     Gourm    .     c - +0 leather armour
rNeg   + + +     Faith    .     (no shield)
rPois  ∞         Spirit   .     i - +1 helmet
rElec  .         Dismiss  .     h - +0 cloak
rCorr  .         Reflect  .     (no gloves)
SustAt .         Harm     .     j - +0 pair of boots
MR     .....                    (no amulet)
Stlth  +.........               (no ring)
                                f - ring of protection from fire

@: not resistant to hostile enchantments, very unstealthy
A: no food or potions, fire vulnerability, cold resistance 1, negative energy
resistance 3, torment resistance, unbreathing
a: no special abilities


You were on level 3 of the Dungeon.
You were not hungry.

You visited 1 branch of the dungeon, and saw 3 of its levels.

You collected 106 gold pieces.

Inventory:

Hand Weapons
 a - a +1 hand crossbow
 b - a +1 dagger of venom (weapon)
 o - a +0 short sword
Missiles
 d - 9 bolts
Armour
 c - a +0 leather armour (worn)
 h - a +0 cloak (worn)
 i - a +1 helmet (worn)
 j - a +0 pair of boots (worn)
Jewellery
 f - a ring of protection from fire (left hand)
Wands
 q - a wand of paralysis (16/24)
Scrolls
 e - a scroll of identify
 g - a scroll of fog
 k - 3 scrolls of amnesia
 l - a scroll of immolation
 m - a scroll of fear {unknown}
 n - a scroll of magic mapping {unknown}
 p - a scroll of enchant weapon {unknown}


   Skills:
 - Level 2.0 Fighting
 + Level 4.8 Crossbows
 - Level 1.5 Dodging
 - Level 0.7 Stealth


You had 3 spell levels left.
You didn't know any spells.

Dungeon Overview and Level Annotations

Branches:
Dungeon (3/15)

Altars:


Innate Abilities, Weirdness & Mutations

You do not eat or drink.
Your flesh is vulnerable to fire.
You are immune to poison.
Your flesh is cold resistant.
You are immune to negative energy.
You are immune to unholy pain and torment.
You can survive without breathing.


Message History

You hit the orc priest.
The orc priest is poisoned.
The orc priest is lightly wounded.
You kill the orc!
The orc priest barely misses you.
You closely miss the orc priest.
The orc priest is lightly wounded.
You hit the orc priest.
The orc priest is lightly wounded.
The orc priest hits you with a war axe!
You hit the orc priest.
The orc priest is severely wounded.
The orc priest hits you with a war axe!
* * * LOW HITPOINT WARNING * * *
There is an open door here.
You closely miss the orc priest.
The orc priest is severely wounded.
The orc priest barely misses you.
The orc priest calls down the wrath of Beogh upon you.
Beogh smites you!
You die...

.)####......# #.#
..........#.#
#.#####.####
#.........#.#
#.ooo..o...#
#.........#.# #.#
######....## ##### #.#
##....####...####o#
####...........o..#)#
#......##......##)..#
####......##....@.##.###
..##......##......##.#
⌠.>#......##....######
..#####..>..##### ###
#####.# #.# #.# #.. #.#


You could see an orc priest.

Vanquished Creatures
  A jelly (D:3)
  2 adders
  2 dart slugs
  3 orcs (D:3)
  3 goblins
  4 hobgoblins
  4 jackals (D:2)
  A quokka (D:2)
  2 bats
  4 giant newts
  2 kobolds (D:3)
  7 rats
35 creatures vanquished.

Notes
Turn   | Place    | Note
--------------------------------------------------------------
     0 | D:1      | Alarkh the Mummy Hunter began the quest for the Orb.
     0 | D:1      | Reached XP level 1. HP: 16/16 MP: 1/1
   291 | D:1      | Reached XP level 2. HP: 22/22 MP: 2/2
   713 | D:2      | Reached skill level 4 in Crossbows
   788 | D:2      | Reached XP level 3. HP: 27/27 MP: 3/3
  1739 | D:3      | Reached XP level 4. HP: 11/33 MP: 4/4
  1994 | D:3      | Killed from afar by an orc priest

Skill      XL: |  1  2 |
---------------+-------+-----
Crossbows      | 4 |  4.8
Fighting       | |  2.0
Dodging        | |  1.5
Stealth        | |  0.7

Action                   |  1- 3 |  4- 6 || total
-------------------------+-------+-------++-------
Melee: Dagger            |    29 |     8 ||    37
 Fire: Hand crossbow     |    61 |     6 ||    67
  Use: Scroll            |     3 |       ||     3
Armor: Leather armour    |    27 |     1 ||    28
Dodge: Dodged            |    40 |     7 ||    47
